Map: [TLMC15] Hardwire

Players

Serral - Winner!

  • Race: Zerg Zerg
  • League: Master

LiquidClem (Clem)

  • Race: Terran Terran
  • League: Master

VOD

Have the link to the VOD?

Description

Time

  • Played on: Oct. 24, 2021, 4:41 p.m.
  • Length: 11:51
Show
View Real Time Build Order
Export as new Build Order

Serral Zerg - Winner!

Build Orders: Hatch First 

Get SALT Encoding   

  12  0:00  Drone  
  13  0:12  Overlord  
  13  0:17  Drone  
  14  0:30  Drone  
  14  0:31  Drone  
  16  0:48  Hatchery  
  15  0:51  Drone  
  15  0:55  Drone  
  17  0:58  Drone  
  18  1:10  Extractor  
  17  1:14  Spawning Pool  
  17  1:17  Drone  
  17  1:21  Drone  
  18  1:27  Drone  
  19  1:38  Drone  
  20  1:48  Drone  
  21  2:00  Queen x2  
  21  2:01  Zergling x4  
  27  2:11  Drone, Overlord  
  28  2:23  Hatchery  
  28  2:27  Drone  
  28  2:31  Drone  
  28  2:33  Drone  
  30  2:38  Metabolic Boost  
  30  2:43  Drone  
  31  2:46  Queen  
  33  2:51  Overlord  
  33  2:54  Drone  
  33  2:57  Drone  
  35  2:58  Drone  
  35  3:05  Overlord  
  36  3:10  Drone x3  
  36  3:12  Drone  
  40  3:18  Queen  
  42  3:21  Drone  
  42  3:25  Queen  
  45  3:28  Drone  
  45  3:30  Zergling x2  
  47  3:35  Queen  
  49  3:42  Drone  
  49  3:43  Drone, Overlord  
  49  3:45  Overlord  
  51  3:49  Zergling x4  
  51  3:50  Drone  
  51  3:53  Drone x2  
  56  3:57  Queen  
  56  4:02  Queen  
  60  4:04  Drone  
  60  4:08  Zergling x4  
  60  4:09  Drone  
  64  4:11  Drone x2  
  64  4:15  Queen  
  68  4:19  Overlord  
  68  4:20  Drone  
  69  4:24  Overlord  
  69  4:26  Drone x2  
  69  4:27  Drone  
  69  4:31  Overlord  
  72  4:33  Drone  
  73  4:40  Evolution Chamber, Extractor  
  73  4:41  Drone x3, Evolution Chamber  
  73  4:45  Drone x3  
  76  4:48  Overlord  
  76  4:49  Drone  
  77  4:53  Drone x3, Extractor  
  77  4:58  Overlord  
  77  4:59  Drone x2  
  81  5:06  Zerg Melee Weapons Level 1  
  81  5:07  Drone, Zerg Ground Armor Level 1  
  81  5:08  Drone x2  
  81  5:10  Drone x2  
  86  5:16  Overlord  
  86  5:19  Spore Crawler  
  85  5:23  Hatchery  
  85  5:25  Zergling x6  
  87  5:28  Lair  
  87  5:31  Zergling x2  
  87  5:32  Zergling x4  
  90  5:36  Baneling Nest  
  90  5:37  Zergling x6  
  93  5:45  Zergling x12  
  93  5:48  Hatchery  
  98  5:50  Drone x3  
  98  5:51  Extractor  
  101  5:57  Zergling x4  
  101  5:58  Pneumatized Carapace  
  101  5:59  Overlord  
  101  6:01  Zergling x6  
  105  6:10  Zergling x2  
  105  6:11  Zergling x4  
  108  6:17  Zergling x14  
  114  6:26  Burrow, Overlord  
  114  6:27  Centrifugal Hooks  
  114  6:30  Zergling x12  
  120  6:36  Overlord  
  120  6:40  Zergling x2  
  120  6:45  Baneling x8  
  121  6:50  Baneling x10  
  121  6:52  Zergling x12  
  126  7:07  Zerg Melee Weapons Level 2  
  126  7:12  Drone x11, Queen  
  138  7:20  Drone  
  137  7:25  Zerg Ground Armor Level 2  
  137  7:28  Zergling x18  
  137  7:29  Hatchery  
  143  7:33  Zergling x2  
  143  7:36  Overlord  
  143  7:37  Overlord  
  144  7:38  Hatchery  
  142  7:45  Zergling x2  
  142  7:48  Baneling x6  
  142  7:49  Baneling x4  
  143  7:55  Zergling x12  
  143  7:56  Zergling x10  
  149  8:01  Zergling x4  
  143  8:10  Drone x2  
  143  8:11  Infestation Pit  
  143  8:12  Spore Crawler, Zergling x4  
  141  8:16  Overseer  
  136  8:22  Zergling x14  
  136  8:23  Zergling x4  
  136  8:24  Zergling x2  
  136  8:25  Overseer  
  144  8:30  Zergling x2  
  143  8:37  Baneling  
  143  8:38  Baneling x4  
  142  8:41  Zergling x2  
  142  8:42  Zergling x18  
  144  8:49  Baneling x6  
  144  8:52  Zergling x2  
  144  8:53  Queen x2, Zergling x20  
  157  8:58  Queen  
  146  9:04  Zergling x2  
  146  9:05  Zergling x14  
  145  9:16  Drone x5  
  142  9:22  Zergling x10  
  147  9:24  Hatchery  
  147  9:27  Zergling x6  
  140  9:38  Zergling x10  
  140  9:45  Zergling x4  
  139  9:52  Drone x2  
  135  9:53  Drone  
  135  9:54  Baneling x5  
  135  9:55  Baneling x9  
  131  10:01  Zergling x10  
  131  10:02  Zergling x2  
  131  10:03  Zergling x14  
  142  10:07  Hive  
  142  10:11  Zergling x2  
  142  10:12  Zergling x10  
  148  10:16  Zergling x8  
  148  10:20  Zergling x4  
  152  10:22  Baneling x9  
  151  10:28  Drone x3  
  151  10:29  Baneling  
  151  10:30  Drone x2, Hydralisk Den  
  151  10:32  Extractor x2  
  152  10:38  Drone x6  
  152  10:39  Baneling x2  
  152  10:40  Baneling x4  
  158  10:43  Baneling x6  
  158  10:45  Zergling x6  
  158  10:49  Spore Crawler, Extractor  
  159  10:50  Drone x2  
  159  10:53  Zergling x8  
  164  11:01  Overlord x7  
  164  11:02  Spore Crawler  
  163  11:07  Drone x7  
  163  11:08  Drone  
  161  11:15  Hydralisk  
  162  11:21  Zergling x30  
  154  11:33  Zergling x18  
Show
View Real Time Build Order
Export as new Build Order

LiquidClem Terran 

Build Orders: Reaper Expand 

Get SALT Encoding   

  12  0:00  SCV  
  13  0:12  SCV  
  14  0:17  Supply Depot  
  14  0:24  SCV  
  15  0:38  SCV  
  15  0:39  Barracks  
  16  0:43  Refinery  
  16  0:50  SCV  
  17  1:02  SCV  
  18  1:15  SCV  
  19  1:26  Reaper  
  19  1:27  Orbital Command  
  20  1:39  Command Center  
  20  1:47  Supply Depot  
  20  1:52  SCV  
  21  1:58  Marine  
  22  2:04  SCV  
  23  2:10  Factory  
  23  2:16  SCV  
  23  2:21  Barracks Reactor  
  24  2:28  SCV  
  25  2:39  Command Center  
  25  2:42  SCV  
  26  2:50  Orbital Command  
  26  2:54  SCV  
  26  2:58  Barracks  
  27  3:05  Barracks Tech Lab  
  27  3:06  SCV  
  27  3:09  Hellion  
  32  3:12  Hellion  
  32  3:16  SCV  
  32  3:18  SCV  
  34  3:21  Refinery  
  34  3:24  Marine  
  34  3:25  Stimpack  
  35  3:28  SCV  
  35  3:30  SCV  
  37  3:40  SCV  
  38  3:43  Marine  
  38  3:47  Starport  
  39  3:49  SCV  
  39  3:51  Orbital Command  
  39  3:52  Marine x2  
  39  3:53  SCV  
  39  3:54  Factory Reactor  
  43  4:01  Marine, Supply Depot, SCV  
  45  4:07  SCV  
  46  4:10  Marine x2  
  46  4:13  SCV  
  46  4:16  SCV  
  50  4:18  Marine  
  50  4:19  SCV  
  52  4:25  Supply Depot, SCV  
  52  4:28  Marine x2  
  52  4:29  SCV  
  56  4:32  Barracks  
  56  4:34  SCV  
  56  4:38  Marine, Factory Tech Lab  
  57  4:40  SCV  
  57  4:41  Medivac x2  
  57  4:42  Orbital Command  
  63  4:45  Marine  
  63  4:46  Refinery  
  63  4:47  SCV  
  63  4:49  Marine, Supply Depot, Refinery  
  67  4:52  SCV  
  67  4:56  Engineering Bay x2  
  67  4:59  SCV  
  68  5:04  SCV  
  68  5:05  Marine x2  
  68  5:06  Siege Tank  
  74  5:10  SCV  
  74  5:11  Supply Depot, SCV  
  76  5:17  SCV  
  76  5:20  Barracks Reactor  
  77  5:22  SCV  
  77  5:23  Barracks x2, SCV  
  77  5:25  Marine  
  77  5:26  Marine  
  81  5:29  Supply Depot, SCV  
  81  5:30  Marine  
  81  5:32  Combat Shield  
  83  5:35  SCV  
  83  5:42  Terran Infantry Weapons Level 1, Terran Infantry Armor Level 1  
  84  5:43  Marine x2  
  84  5:45  SCV  
  84  5:46  SCV  
  84  5:48  SCV  
  84  5:49  Marine  
  89  5:50  Supply Depot  
  89  5:53  Siege Tank  
  92  5:58  SCV  
  92  5:59  SCV, Refinery  
  92  6:00  Armory  
  92  6:01  Marine x3  
  97  6:05  Marine  
  97  6:07  Marine, SCV  
  97  6:08  Supply Depot  
  100  6:11  Barracks Reactor  
  100  6:13  Barracks Reactor  
  100  6:14  SCV  
  101  6:19  Marine x2  
  101  6:20  Marine  
  101  6:21  SCV  
  105  6:28  Marine  
  105  6:30  Factory, Supply Depot, SCV  
  105  6:31  SCV  
  105  6:32  Supply Depot  
  108  6:35  Medivac  
  108  6:37  Widow Mine  
  108  6:38  Marine x2, Supply Depot  
  114  6:40  SCV  
  114  6:43  Marine, SCV  
  117  6:51  Marine, SCV, Command Center  
  119  6:54  Supply Depot  
  119  6:57  Drilling Claws  
  119  6:58  Widow Mine  
  119  6:59  Marine x2  
  119  7:00  Marine, Supply Depot  
  124  7:01  Marine  
  124  7:02  Marine  
  124  7:04  Marine x2  
  128  7:08  Medivac  
  128  7:10  Marine  
  128  7:12  Medivac, Supply Depot  
  128  7:14  Factory Reactor  
  133  7:18  Refinery  
  133  7:19  Supply Depot  
  133  7:20  Marine x2  
  133  7:21  SCV  
  136  7:25  Marine x3  
  136  7:26  Marine x3  
  140  7:32  Marine  
  141  7:38  Marine x2  
  141  7:39  Supply Depot  
  141  7:43  Marine x3, Widow Mine  
  148  7:45  Medivac  
  148  7:47  Terran Infantry Armor Level 2, Terran Infantry Weapons Level 2  
  150  7:55  Widow Mine  
  150  7:57  Marine  
  143  7:59  SCV  
  143  8:01  Marine x3  
  128  8:07  SCV x2  
  128  8:08  Widow Mine  
  128  8:11  SCV  
  128  8:12  Widow Mine  
  134  8:17  Widow Mine  
  134  8:19  Marine, SCV x2  
  138  8:20  Marine  
  138  8:23  SCV  
  138  8:26  Medivac  
  143  8:29  Widow Mine  
  143  8:31  Marine  
  143  8:34  SCV, Widow Mine  
  142  8:39  Widow Mine  
  142  8:42  Marine, SCV  
  142  8:43  Marine  
  142  8:46  Medivac  
  142  8:47  SCV  
  141  8:50  SCV, Widow Mine  
  141  8:55  Marine, SCV, Widow Mine  
  140  8:56  Medivac  
  140  8:59  SCV  
  140  9:02  Marine  
  136  9:09  Marine, Widow Mine  
  113  9:13  SCV  
  113  9:16  SCV  
  111  9:19  SCV  
  111  9:21  SCV  
  107  9:28  SCV  
  108  9:31  SCV  
  108  9:34  Widow Mine  
  108  9:35  Medivac  
  108  9:36  Marine, Medivac  
  108  9:37  SCV  
  117  9:39  SCV  
  117  9:43  SCV  
  119  9:47  Widow Mine  
  119  9:48  Marine  
  119  9:50  SCV  
  123  9:57  Marine x5, Widow Mine  
  119  10:00  Marine x2  
  119  10:02  SCV  
  119  10:03  SCV  
  119  10:05  Medivac  
  125  10:09  Marine x2  
  125  10:10  SCV, Widow Mine  
  130  10:14  Marine, SCV  
  130  10:15  Marine x3  
  130  10:18  SCV  
  130  10:20  Widow Mine  
  130  10:21  Widow Mine  
  135  10:23  Marine, SCV  
  135  10:26  SCV  
  135  10:28  Marine  
  138  10:33  SCV  
  138  10:34  Widow Mine  
  138  10:35  SCV  
  142  10:39  Marine  
  143  10:43  Medivac, SCV  
  143  10:49  Marine, Widow Mine  
  149  10:51  Marine x2, Widow Mine  
  149  10:53  SCV  
  149  10:54  SCV  
  149  10:56  Marine x3  
  145  10:57  SCV  
  144  11:05  SCV  
  144  11:06  Marine x3, SCV  
  144  11:07  Marine  
  144  11:09  Marine x2, SCV  
  149  11:15  Marine  
  149  11:17  Widow Mine  
  149  11:28  Marine  
  149  11:29  Marine, Marauder  
  149  11:30  Marine x2, Widow Mine  
  149  11:31  Marine x3, SCV  
  149  11:32  SCV  
Tags
 
Add a new tag
Caveats
  • Supply blocks, unpowered buildings, or Contaminate may cause inaccurate times.
  • Supply counts are checked every 10 seconds.